 Dungeon Crawl Stone Soup version 0.23-a0-481-g60b89c1 (webtiles) character file.

99 Lavandula the Chucker (level 5, -4/31 HPs)
             Began as a Halfling Enchanter on Nov 30, 2018.
             Slain by a hippogriff (10 damage)
             ... on level 5 of the Dungeon.
             The game lasted 00:09:29 (1223 turns).

Lavandula the Chucker (Halfling Enchanter)          Turns: 1223, Time: 00:09:30

Health: -4/31      AC:  6    Str:  9    XL:     5   Next: 2%
Magic:  2/7        EV: 15    Int: 14    God:
Gold:   74         SH:  0    Dex: 15    Spells: 1/7 levels left

rFire    . . .     SeeInvis .   a - +1 dagger
rCold    . . .     Gourm    .   (shield restricted)
rNeg     . . .     Faith    .   o - +2 robe {Archmagi}
rPois    .         Spirit   .   e - +1 helmet
rElec    .         Reflect  .   r - scarf {cloud immunity}
rCorr    .         Harm     .   (no gloves)
MR       .....                  (no boots)
Stlth    ++........             (no amulet)
HPRegen  0.10/turn              (no ring)
MPRegen  0.10/turn              (no ring)

@: no status effects
A: small, mutation resistance 1
a: no special abilities


You were on level 5 of the Dungeon.
You were hungry.

You visited 1 branch of the dungeon, and saw 5 of its levels.

You collected 74 gold pieces.

Inventory:

Hand Weapons
 a - a +1 dagger (weapon)
 f - a +1 hand axe of flaming
 n - a +0 falchion
Missiles
 c - 107 stones (quivered)
 j - 44 arrows
 k - 43 bolts
 m - 22 poisoned needles
Armour
 e - a +1 helmet (worn)
 o - a +2 robe of the Archmagi (worn)
 r - a scarf of cloud immunity (worn)
Jewellery
 p - an uncursed ring of ice
Wands
 b - a wand of digging (5)
Scrolls
 h - a scroll of magic mapping
 l - 2 scrolls of identify
Potions
 g - a potion of haste {unknown}
 i - a potion of cancellation
 q - a potion of heal wounds
Comestibles
 d - 5 rations


   Skills:
 - Level 1.2(2.0) Short Blades
 + Level 2.0(2.1) Long Blades
 - Level 3.4 Throwing
 - Level 2.1 Dodging
 - Level 3.2 Stealth
 - Level 1.5 Spellcasting
 - Level 2.4 Hexes


You had one spell level left.
You knew the following spells:

 Your Spells              Type           Power        Failure   Level  Hunger
a - Corona                Hex            ##.....      10%         1    ##.....
b - Ensorcelled Hibernat  Hex/Ice        #.....       22%         2    ###....
c - Confuse               Hex            ##......     28%         3    ####...

Your spell library contained the following spells:

 Spells                   Type           Power        Failure   Level  Hunger
 Tukima's Dance           Hex            ##......     28%         3    ####...
 Dazzling Spray           Conj/Hex       #.....       41%         3    ####...


Dungeon Overview and Level Annotations

Branches:
Dungeon (5/15)
 Temple: D:4-7

Altars:

Annotations:
D:4 Dowan, Duvessa
D:5 exclusion: centaur


Innate Abilities, Weirdness & Mutations

You are small and have problems with some larger weapons.
You are somewhat resistant to further mutation.


Message History

You impale the hippogriff!!
The hippogriff is heavily wounded.
The hippogriff bites you!
* * * LOW HITPOINT WARNING * * *
The hippogriff barely misses you. The hippogriff closely misses you.
Casting: Ensorcelled Hibernation (safe; 22% risk of failure)
Confirm with . or Enter, or press ? or * to list all spells.
Aiming: Ensorcelled Hibernation (safe; 22% risk of failure)
Press: ? - help, Shift-Dir - straight line, f - you, p - hippogriff
Okay, then.
Casting: Ensorcelled Hibernation (safe; 22% risk of failure)
Confirm with . or Enter, or press ? or * to list all spells.
Aiming: Confuse (safe; 28% risk of failure)
Press: ? - help, Shift-Dir - straight line, f/p - hippogriff
Aim: a hippogriff (heavily wounded, chance to defeat MR: 37%)
You feel a surge of power!
The hippogriff resists with some effort.
You are feeling hungry.
The hippogriff bites you!
You die...

#.............##
#.............#
#.............#
.####.............#
...................#
.........###########
.........#
........H#
#.......@#
.........#
.............#
###...#####..+ #...
+ #... #... #.. ##


You could see a hippogriff.

Vanquished Creatures
  Robin (D:2)
  A gnoll (D:2)
  2 adders
  2 leopard geckos
  An orc (D:3)
  3 giant cockroaches
  9 goblins
  9 hobgoblins
  6 jackals
  3 quokkas
  3 bats
  2 frilled lizards (D:2)
  5 kobolds
  5 rats
52 creatures vanquished.

Notes
Turn   | Place    | Note
-------+----------+-------------------------------------------
     0 | D:1      | Lavandula the Halfling Enchanter began the quest for the
                  | Orb.
     0 | D:1      | Reached XP level 1. HP: 11/11 MP: 3/3
   130 | D:1      | Reached skill level 1 in Throwing
   169 | D:1      | Reached XP level 2. HP: 13/17 MP: 2/4
   173 | D:1      | Learned a level 2 spell: Ensorcelled Hibernation
   209 | D:2      | Reached XP level 3. HP: 19/21 MP: 5/5
   634 | D:2      | Reached XP level 4. HP: 26/27 MP: 3/6
   705 | D:3      | Learned a level 3 spell: Confuse
   855 | D:2      | Noticed Robin
   893 | D:2      | Reached skill level 1 in Long Blades
   920 | D:2      | Killed Robin
  1104 | D:4      | Reached XP level 5. HP: 29/31 MP: 7/7
  1129 | D:4      | Noticed Duvessa
  1129 | D:4      | Noticed Dowan
  1143 | D:5      | Entered Level 5 of the Dungeon
  1165 | D:5      | Noticed a centaur
  1203 | D:5      | Noticed a hippogriff
  1223 | D:5      | Slain by a hippogriff

Vault maps used:
D:1:      grunt_arrival_lava_bath
D:2:      uniq_robin
D:3:      first_ration, lightli_corner_chamber
D:4:      black_bear_nest_1, overflow_temple_1_default,
          minmay_temple_entry_wispy, ebering_ghost_sewer_d, uniq_duvessa,
          uniq_ijyb
D:5:      minmay_polygon_palace

Skill      XL: |  1  2  3  4  5 |
---------------+----------------+-----
Throwing       | 1 2 3 |  3.4
Long Blades    | 1 2 |  2.0
Short Blades   | |  1.2
Dodging        | |  2.1
Stealth        | |  3.2
Spellcasting   | |  1.5
Hexes          | |  2.4

Action                   |  1- 3 |  4- 6 || total
-------------------------+-------+-------++-------
Melee: Dagger            |    86 |    34 ||   120
       Falchion          |       |    78 ||    78
Throw: Stone             |     4 |     2 ||     6
 Cast: Corona            |     5 |       ||     5
       Ensorcelled Hiber |     8 |     6 ||    14
       Confuse           |       |     4 ||     4
  Use: Scroll            |       |     4 ||     4
       Potion            |       |     4 ||     4
 Stab: Sleeping          |    11 |     6 ||    17
  Eat: Chunk             |       |     3 ||     3
Armor: Robe              |    11 |    24 ||    35
       Skin              |       |    27 ||    27
Dodge: Dodged            |    65 |    81 ||   146
       Rpst.: Falchion   |       |    20 ||    20

Table legend:
 A = Non-vault XP
 B = Vault XP
 C = Vault XP percentage of total XP
 D = Non-vault monster count
 E = Vault monster count
 F = Vault count percentage of total count
                 A         B        C        D         E       F
            +---------+---------+-------+---------+---------+-------
      Total |     113 |      29 |  20.4 |      44 |       8 |  15.4
            +---------+---------+-------+---------+---------+-------
        D:1 |      16 |       0 |   0.0 |      10 |       0 |   0.0
        D:2 |      62 |      29 |  31.9 |      22 |       8 |  26.7
        D:3 |      18 |       0 |   0.0 |       9 |       0 |   0.0
        D:4 |      14 |       0 |   0.0 |       2 |       0 |   0.0
        D:5 |       3 |       0 |   0.0 |       1 |       0 |   0.0
            +---------+---------+-------+---------+---------+-------
